 Dungeon Crawl Stone Soup version 0.28.0-1-gb440e238dd (webtiles) character file.

Game seed: 2259229244235005696

21 Krehm the Gusty (level 2, -1/23 HPs)
             Began as a Draconian Air Elementalist on Feb 20, 2022.
             Succumbed to an adder's poison
             ... on level 2 of the Dungeon.
             The game lasted 00:05:22 (881 turns).

Krehm the Gusty (Draconian Air Elementalist)         Turns: 881, Time: 00:05:22

Health: -1/23      AC:  4    Str: 10    XL:     2   Next: 65%
Magic:  0/5        EV: 12    Int: 15    God:
Gold:   72         SH:  0    Dex: 11    Spells: 1/6 levels left

rFire   . . .      SeeInvis .   e - staff of conjuration
rCold   . . .      Faith    .   (no shield)
rNeg    . . .      Spirit   .   (armour unavailable)
rPois   .          Reflect  .   (helmet restricted)
rElec   .          Harm     .   (no cloak)
rCorr   .          Rampage  .   (no gloves)
Will    .....                   (no boots)
Stlth   ++........              (no amulet)
HPRegen 0.07/turn               (no ring)
MPRegen 0.09/turn               (no ring)

@: lethally poisoned (-1 -> -7)
A: AC +4, unfitting armour, cold-blooded
a: no special abilities


You were on level 2 of the Dungeon.
You visited 1 branch of the dungeon, and saw 2 of its levels.

You collected 72 gold pieces.

Inventory:

Missiles
 d - 3 poisoned darts (quivered)
Magical Staves
 e - a staff of conjuration (weapon)
Scrolls
 a - a scroll of immolation
 b - a scroll of identify
 c - a scroll of teleportation {unknown}
 f - a scroll of noise {unknown}


   Skills:
 - Level 1.1 Fighting
 - Level 1.7 Dodging
 - Level 1.7 Stealth
 + Level 2.5 Spellcasting
 + Level 1.3 Conjurations
 + Level 3.1 Air Magic


You had one spell level left.
You knew the following spells:

 Your Spells              Type           Power      Damage    Failure   Level
a - Shock                 Conj/Air       48%        1d6       9%          1
b - Static Discharge      Conj/Air       12%        N/A       13%         2
c - Searing Ray           Conj           16%        2d5       19%         2

Your spell library contained the following spells:

 Spells                   Type           Power      Damage    Failure   Level
 Magic Dart               Conj           32%        1d4       12%         1
 Swiftness                Air            11%        N/A       17%         3
 Airstrike                Air            5%         N/A       50%         4
 Fulminant Prism          Conj/Hex       2%         3d6       85%         4


Dungeon Overview and Level Annotations

Branches:
Dungeon (2/15)

Altars:


Innate Abilities, Weirdness & Mutations

Your plain brown scales are hard. (AC +4)
You cannot fit into any form of body armour.
You are cold-blooded and may be slowed by cold attacks.


Message History

The hobgoblin is almost dead.
The hobgoblin hits you.
Your magical contamination has completely faded away.
You hit the hobgoblin.
You kill the hobgoblin!
An adder comes into view.
There is a stone staircase leading down here.
The adder hisses angrily.
The adder bites you.
You are poisoned.
The adder poisons you!
* * * LOW HITPOINT WARNING * * *
You feel sick.
You aren't carrying any potions.
As you read the scroll labelled ZIAGIU QOHEO, it crumbles to dust.
It is a scroll of identify.
a - a scroll of immolation
* * * LOW HITPOINT WARNING * * *
You feel sick. The adder bites you.
* * * LOW HITPOINT WARNING * * *
Casting: Searing Ray (safe; 19% risk of failure)
Confirm with . or Enter, or press ? or * to list all spells.
Aiming: Shock (safe; 9% risk of failure)
Press: ? - help, Shift-Dir - straight line, f - adder
Aim: an adder (48% to hit)
You feel a surge of power!
The zap hits the adder.
The adder is severely wounded.
* * * LOW HITPOINT WARNING * * *
You feel sick. The adder bites you but does no damage.
The adder barely misses you.
You closely miss the adder.
Your tail-slap misses the adder.
The adder is severely wounded.
* * * LOW HITPOINT WARNING * * *
You feel sick. The adder bites you.
* * * LOW HITPOINT WARNING * * *
You are more poisoned.
The adder poisons you!
You barely miss the adder.
The adder is heavily wounded.
You die...

........####...
...............
........###
....#...>.## .
#...#..##
.......##..#
#..##...###.#
.. ##### #S# .
#@# #.########
#........#
#........#
#...<....#
#........#
#........#
..........#
###........#


You could see an adder.

Vanquished Creatures
  A ball python (D:1)
  3 bats (D:1)
  A giant cockroach (D:1)
  3 goblins (D:1)
  5 hobgoblins
  A frilled lizard (D:1)
  3 kobolds (D:1)
  A rat (D:1)
18 creatures vanquished.

Notes
Turn   | Place    | Note
-------+----------+-------------------------------------------
     0 | D:1      | Krehm the Draconian Air Elementalist began the quest for
                  | the Orb.
     0 | D:1      | Reached XP level 1. HP: 14/14 MP: 3/3
   271 | D:1      | Reached skill level 1 in Fighting
   369 | D:1      | Reached XP level 2. HP: 23/23 MP: 1/5
   372 | D:1      | Learned a level 2 spell: Static Discharge
   588 | D:1      | Found a faded altar of an unknown god.
   822 | D:1      | Learned a level 2 spell: Searing Ray
   880 | D:2      | HP: 1/23 [adder (1)]
   881 | D:2      | Succumbed to an adder's poison

Illustrated notes

Levels and vault maps discovered:
D:1:      shiori_arrival_oz, layout_rooms, chequers_ecumenical_altar_simple
D:2:      cheibrodos_pilgrimage, layout_rooms

Skill      XL: |  1 |
---------------+----+-----
Fighting       | 1 |  1.1
Dodging        | |  1.7
Stealth        | |  1.7
Spellcasting   | |  2.5
Conjurations   | |  1.3
Air Magic      | |  3.1

Action                   || total
-------------------------++-------
Melee: Unarmed           ||    20
       Tailslap          ||     3
       Staff             ||     6
 Cast: Shock             ||    36
       Searing Ray       ||     1
  Use: Scroll            ||     1
Armor: Skin              ||    13
Dodge: Dodged            ||    19
